 Dungeon Crawl Stone Soup version 0.26.1-11-gd32895ea62 (webtiles) character file.

Game seed: 2777847842472232130

554 Zeld the Cutter (level 7, -1/45 HPs)
             Began as an Octopode Brigand on May 14, 2021.
             Succumbed to Crazy Yiuf's poison
             ... on level 4 of the Dungeon.
             The game lasted 00:04:47 (7661 turns).

Zeld the Cutter (Octopode Brigand)                  Turns: 7661, Time: 00:04:47

Health: -1/45      AC:  1    Str: 12    XL:     7   Next: 30%
Magic:  12/12      EV: 13    Int: 14    God:
Gold:   187        SH:  0    Dex: 13    Spells: 13/13 levels left

rFire    . . .     SeeInvis .   a - +2 dagger
rCold    . . .     Faith    .   (no shield)
rNeg     . . .     Spirit   .   (helmet restricted)
rPois    .         Reflect  .   (no amulet)
rElec    .         Harm     .   (no ring)
rCorr    .         Rampage  .   (no ring)
Will     .....                  (no ring)
Stlth    ++++......             (no ring)
HPRegen  0.15/turn              (no ring)
MPRegen  0.13/turn              (no ring)
                                (no ring)
                                (no ring)

@: mighty, brilliant, lethally poisoned (-1 -> -21), flying, slowed, very slow
A: almost no armour, stealthy swim, amphibious, 8 rings, constrict 8, camouflage
1, gelatinous body 1
a: no special abilities


You were on level 4 of the Dungeon.
You visited 2 branches of the dungeon, and saw 5 of its levels.

You collected 187 gold pieces.

Inventory:

Hand Weapons
 a - a +2 dagger (weapon)
Missiles
 b - 35 poisoned darts (quivered)
 c - 2 curare-tipped darts
Jewellery
 f - an uncursed ring of fire {unknown}
 n - an uncursed ring of wizardry {unknown}
Wands
 m - a wand of digging (5)
Scrolls
 d - 3 scrolls of amnesia {unknown}
 e - 3 scrolls of remove curse {unknown}
 h - 2 scrolls of identify {unknown}
 j - a scroll of magic mapping {unknown}
 k - a scroll of teleportation {unknown}
 o - a scroll of noise {unknown}
 p - 2 scrolls of enchant armour {unknown}


   Skills:
 - Level 2.0 Fighting
 * Level 6.4 Short Blades
 - Level 2.0 Throwing
 - Level 1.0 Dodging
 - Level 5.3 Stealth
 + Level 3.7 Spellcasting


You had 13 spell levels left.
You didn't know any spells.
Your spell library was empty.

Dungeon Overview and Level Annotations

Branches:
Dungeon (4/15)             Temple (1/1) D:4

Altars:
Cheibriados
Elyvilon
Gozag
Makhleb
Okawaru
Qazlal
Sif Muna
Wu Jian
The Shining One
Lugonu


Innate Abilities, Weirdness & Mutations

You cannot wear most types of armour.
You are very stealthy in the water. (Stealth+)
You are amphibious.
You can wear up to eight rings at the same time.
You can use your tentacles to constrict eight enemies at once.
Your skin changes colour to match your surroundings (Stealth+).
Your rubbery body absorbs attacks. (AC +1, EV +1)


Message History

You feel clever all of a sudden.
You constrict Crazy Yiuf.
* * * LOW HITPOINT WARNING * * *
You feel sick.
Crazy Yiuf hits you with a +4 quarterstaff of chaos.
* * * LOW HITPOINT WARNING * * *
You are more poisoned.
It was a potion of might.
You feel very mighty all of a sudden.
You constrict Crazy Yiuf.
You kill Crazy Yiuf!
* * * LOW HITPOINT WARNING * * *
You feel very sick.
Unknown command.
Okay, then.
There is a lethal amount of poison in your body!
There is a lethal amount of poison in your body!
You aren't carrying any potions.
Unknown command.
You die...

###
#......#.....
#.####.)##...
##### #.#
##.#....
#)..# ###
#....## #...#
#..<.# ...
###.##.## #'#
###........
#)##
##......<)##
##@#
##..####)...#
#.## #..##
#.##.. ##.#
#.## #.##..
##.## ###
#.#### ##...#
#.# #....#
#.# #....#
###### #.#
#####..##
#....# #.#
##.##...#
####.###)####


There were no monsters in sight!

Vanquished Creatures
  Sigmund (D:4)
  A howler monkey (D:4)
  An orc priest (D:4)
  Crazy Yiuf (D:4)
  An orc wizard (D:4)
  3 worker ants (D:4)
  4 gnolls
  4 adders
  3 oozes
  A worm (D:3)
  4 dart slugs
  2 leopard geckos
  11 orcs
  2 ball pythons (D:3)
  5 giant cockroaches
  5 goblins
  10 hobgoblins
  6 jackals
  2 quokkas
  5 bats
  2 frilled lizards
  8 kobolds
  5 rats
87 creatures vanquished.

Notes
Turn   | Place    | Note
-------+----------+-------------------------------------------
     0 | D:1      | Zeld the Octopode Brigand began the quest for the Orb.
     0 | D:1      | Reached XP level 1. HP: 14/14 MP: 1/1
   102 | D:1      | Reached XP level 2. HP: 8/19 MP: 2/2
   603 | D:1      | Reached skill level 1 in Spellcasting
   962 | D:1      | Reached skill level 3 in Short Blades
   972 | D:1      | Reached XP level 3. HP: 16/24 MP: 4/4
  1785 | D:2      | Reached XP level 4. HP: 29/29 MP: 6/6
  2836 | D:1      | Reached skill level 4 in Short Blades
  3751 | D:2      | Reached XP level 5. HP: 19/34 MP: 8/8
  5470 | D:4      | Noticed Sigmund
  5963 | D:4      | Found a staircase to the Ecumenical Temple.
  5971 | Temple   | Entered the Ecumenical Temple
  6343 | D:4      | Killed Sigmund
  6344 | D:4      | Reached skill level 5 in Short Blades
  6344 | D:4      | Reached XP level 6. HP: 31/39 MP: 8/10
  6494 | D:4      | Reached skill level 6 in Short Blades
  6494 | D:4      | Reached XP level 7. HP: 45/45 MP: 12/12
  7549 | D:4      | Found a runed translucent door.
  7550 | D:4      | Noticed Crazy Yiuf
  7660 | D:4      | Killed Crazy Yiuf
  7660 | D:4      | HP: 1/45 [poisoned by Crazy Yiuf]
  7661 | D:4      | Succumbed to Crazy Yiuf's poison

Illustrated notes

Levels and vault maps discovered:
D:1:      scummos_arrival_hexagon, layout_rooms
D:2:      minmay_recursive_quarters, layout_basic
D:3:      layout_loops_ring
D:4:      layout_rooms, minmay_temple_entry_wispy, uniq_crazy_yiuf_cottage,
          uniq_sigmund
Temple:   corrupted_temple

Skill      XL: |  1  2  3  4  5  6 |
---------------+-------------------+-----
Spellcasting   | 1 2 3 |  3.7
Short Blades   | 3 4 5 6 |  6.4
Fighting       | |  2.0
Throwing       | |  2.0
Dodging        | |  1.0
Stealth        | |  5.3

Action                   |  1- 3 |  4- 6 |  7- 9 || total
-------------------------+-------+-------+-------++-------
Melee: Dagger            |    69 |   135 |    34 ||   238
       Constrict         |    20 |    25 |    12 ||    57
       Tentacles         |    13 |    30 |    11 ||    54
Throw: Dart              |       |     3 |       ||     3
  Use: Potion            |       |     1 |     3 ||     4
 Stab: Sleeping          |     3 |     8 |       ||    11
Armor: Skin              |     6 |     2 |       ||     8
Dodge: Dodged            |    56 |    79 |    14 ||   149
